Cogmind - Beta 16 --- EXPLORER MODE // 2025.11.13 @ 14:09:35 Player: Leif Result: Destroyed by QO-O9F(h) with Bolt Gun Performance ------------- Evolutions (0) 0 Regions Visited (4) 800 Robots Destroyed (7) 35 Value Destroyed (232) 232 Prototype IDs (6) 120 Alien Tech Used (0) 0 Bonus (800) 800 TOTAL SCORE: 1987 Bonus ------- Registered with UFD 300 Met Optimus in HQ 500 Cogmind --------- Core Integrity 0/250 Matter 293/300 Energy 80/100 System Corruption 0% Temperature Cool (89) Movement Core (50) Location -8/Scraptown Parts ------- > --- POWER (1) -------- (None) > --- PROPULSION (3) --- (None) > --- UTILITY (2) ------ (None) > --- WEAPON (2) ------- (None) > --- INVENTORY (5) ---- Subdweller Laser Light Cannon Scrap Shield Fragment (47) Peak State ------------ > --- POWER ------------ Subdweller Power Source > --- PROPULSION ------- Aluminum Leg Aluminum Leg Makeshift Leg > --- UTILITY ---------- (None) > --- WEAPON ----------- Subdweller Laser Light Cannon > --- INVENTORY -------- Scrap Shield Fragment [Rating: 11] Favorites ----------- Power Subdweller Power Source Engine Subdweller Power Source Propulsion Aluminum Leg Leg Aluminum Leg Utility None Weapon Light Cannon Energy Gun Subdweller Laser Ballistic Cannon Light Cannon Build | -11 -10 -10 -10 -8 ------- Run | Yrd Mat Min Sub Scr Slots Evolved 1 | . 1 . . . Power . | . . . . . Propulsion 1 | . 1 . . . Utility . | . . . . . Weapon . | . . . . . Parts Attached 9 | . 5 1 3 . Power 2 | . 1 . 1 . Engine 2 | . 1 . 1 . Core . | . . . . . Reactor . | . . . . . Propulsion 4 | . 3 . 1 . Treads . | . . . . . Leg 4 | . 3 . 1 . Wheel . | . . . . . Hover . | . . . . . Flight . | . . . . . Utility . | . . . . . Device . | . . . . . Storage . | . . . . . Processor . | . . . . . Hackware . | . . . . . Protection . | . . . . . Artifact . | . . . . . Weapon 3 | . 1 1 1 . Energy Gun 2 | . . 1 1 . Energy Cannon . | . . . . . Ballistic Gun . | . . . . . Ballistic Cannon 1 | . 1 . . . Launcher . | . . . . . Special Weapon . | . . . . . Impact Weapon . | . . . . . Slashing Weapon . | . . . . . Piercing Weapon . | . . . . . Special Melee Weapon . | . . . . . Unidentified Prototypes . | . . . . . Parts Lost 4 | . . . 2 2 Power 1 | . . . 1 . Propulsion 3 | . . . 1 2 Utility . | . . . . . Weapon . | . . . . . Highest Loss Streak 2 | . . . 2 2 To Critical Strikes . | . . . . . Average Backups 1 | . . . . 1 Power . | . . . . . Propulsion . | . . . . . Utility . | . . . . . Weapon 1 | . . . . 1 Tool/Special . | . . . . . Unused Backups . | . . . . . Power . | . . . . . Propulsion . | . . . . . Utility . | . . . . . Weapon . | . . . . . Tool/Special . | . . . . . Average Slot Usage (%) 52 | . 42 68 66 43 Engine 6 | . 8 12 11 3 Leg 35 | . 26 37 30 36 Energy Gun 4 | . . 5 12 1 Ballistic Cannon 5 | . 6 12 12 1 Peak Build Rating 11 | . 5 6 11 11 Average Rating 6 | . 3 5 7 6 On Entrance 4 | . . 5 6 11 Avg Prop Armor Cover (%) . | . . . . . Naked Turns 12 | . 10 . . 2 Heaviest Build 12 | . 6 8 12 12 Greatest Support 40 | 3 30 30 40 40 Greatest Overweight (x) . | . . . . . Average Overweight (x) . | . . . . . Largest Inventory Capacity 5 | 5 5 5 5 5 Average Capacity 5 | 5 5 5 5 5 Most Carried 4 | . 4 1 3 3 Average Carried 1 | . . . . 2 Final Capacity 5 | 5 5 5 5 5 Final Carried 3 | . . . 1 3 Class Distribution -------------------- 100% | Hacker-Mutant Dominant Class ---------------- Hacker-Mutant | -10/Materials Hacker-Mutant | -10/Mines Hacker-Mutant | -10/Subcaves Hacker-Mutant | -8/Scraptown Resources | -11 -10 -10 -10 -8 ----------- Run | Yrd Mat Min Sub Scr Matter Collected 408 | 198 52 10 98 50 Remotely . | . . . . . Salvage Created 208 | . . . 103 105 Parts 13 | . . . 7 6 Haulers Intercepted . | . . . . . Recyclers Shooed . | . . . . . Parts Field Recycled . | . . . . . Retrieved Matter . | . . . . . Parts Self-Destructed . | . . . . . Prevented . | . . . . . Parts Restored . | . . . . . Kills | -11 -10 -10 -10 -8 ------- Run | Yrd Mat Min Sub Scr Combat Hostiles Destroyed 7 | . . . 5 2 Guns 6 | . . . 4 2 Cannons 1 | . . . 1 . Classes Destroyed 5 | . . . 3 2 Swarmer 2 | . . . 2 . Grunt 1 | . . . 1 . Subdweller 2 | . . . 2 . Ranger 1 | . . . . 1 Guru 1 | . . . . 1 Best Kill Streak 2 | . . . 2 1 Combat Bots Only 2 | . . . 2 1 Max Kills in Single Turn 1 | . . . 1 1 Gunslinging . | . . . . . Exploded . | . . . . . Melee . | . . . . . Uniques/NPCs Destroyed . | . . . . . Combat | -11 -10 -10 -10 -8 -------- Run | Yrd Mat Min Sub Scr Hostile Shots Fired 113 | . . 20 46 47 Missed 30 | . . 7 12 11 Hits 83 | . . 13 34 36 Projectile 83 | . . 13 34 36 Critical Strikes 6 | . . 1 3 2 Damage Taken 819 | . . 106 389 324 Core 255 | . . 44 69 142 Absorbed by Shields . | . . . . . Ignored by Resistances 499 | . . 65 231 203 Core Remaining (%) 100 | 100 . . . . Volleys Fired 31 | . . . 22 9 Largest 2 | . . . 2 2 Hottest 90 | . . . 90 90 Shots Fired 62 | . . . 44 18 Gun 31 | . . . 22 9 Cannon 31 | . . . 22 9 Launcher . | . . . . . Special . | . . . . . Kinetic 31 | . . . 22 9 Thermal 31 | . . . 22 9 Explosive . | . . . . . Electromagnetic . | . . . . . Robot Hit Streak 43 | . . . 38 43 Robot Miss Streak 2 | . . . 2 1 Penetration Max . | . . . . . Secondary Targets . | . . . . . Shots Hit Robots 51 | . . . 38 13 Core Hits 17 | . . 4 8 5 Critical Kills . | . . . . . Critical Parts Destroyed . | . . . . . Critical Strikes 1 | . . . . 1 Blast 1 | . . . . 1 Melee Attacks . | . . . . . Impact . | . . . . . Slashing . | . . . . . Piercing . | . . . . . Sneak Attacks . | . . . . . Combat Hostiles . | . . . . . Follow-up Attacks . | . . . . . Damage Inflicted 657 | . . 21 401 235 Guns 359 | . . . 219 140 Cannons 277 | . . . 182 95 Explosions . | . . . . . Melee . | . . . . . Ramming 21 | . . 21 . . Kinetic 277 | . . . 182 95 Thermal 359 | . . . 219 140 Explosive . | . . . . . Electromagnetic . | . . . . . Impact . | . . . . . Slashing . | . . . . . Piercing . | . . . . . Highest Corruption . | . . . . . Average Corruption . | . . . . . Corruption Purged . | . . . . . Corruption Blocked . | . . . . . Overload Shots . | . . . . . Overflow Damage 3 | . . . . 3 Projectiles 3 | . . . . 3 Explosions . | . . . . . Melee . | . . . . . Knockbacks 5 | . . . 1 4 Impact . | . . . . . Kinetic 5 | . . . 1 4 Secondary . | . . . . . Self-Inflicted Damage . | . . . . . Shots . | . . . . . Rammed . | . . . . . Targets Rammed 10 | . . 10 . . Kicked 10 | . . 10 . . Crushed . | . . . . . Highest Temperature 278 | . . 10 . 278 Average Temperature 88 | . . 6 . 92 Received Heat Transfer 586 | . . 125 195 266 Siege Activations . | . . . . . Martial Activations . | . . . . . Shielding Activations . | . . . . . Robots Disrupted . | . . . . . Combat Hostiles . | . . . . . Robots Corrupted . | . . . . . Combat Hostiles . | . . . . . Parts Fried . | . . . . . Impact Corruptions . | . . . . . Robots Melted . | . . . . . Combat Hostiles . | . . . . . Parts Melted 2 | . . . 2 . Heat Transferred 613 | . . . 458 155 Parts Sabotaged . | . . . . . Parts Stolen . | . . . . . Parts Stripped . | . . . . . Power Chain Reactions . | . . . . . Alert | -11 -10 -10 -10 -8 ------- Run | Yrd Mat Min Sub Scr Maximum Alert Level . | . . . . . Low Security (%) 100 | 100 100 100 . . Level 1 . | . . . . . Level 2 . | . . . . . Level 3 . | . . . . . Level 4 . | . . . . . Level 5 . | . . . . . High Security . | . . . . . Max Security . | . . . . . Peak Influence 10 | . 10 . . . Initial . | . . . . . Average . | . 2 . . . Influence Increases 90 | . 10 . 80 . Destroy 0b10 Robot/C 60 | . . . 60 . Destroy Leader 20 | . . . 20 . Successful Hack 10 | . 10 . . . Influence Decreases 90 | . 10 . 80 . Time Decay 85 | . 10 . 75 . Lost Part 5 | . . . 5 . Squads Dispatched . | . . . . . Investigation . | . . . . . Extermination . | . . . . . Reinforcement . | . . . . . Assault . | . . . . . Garrison . | . . . . . Intercept . | . . . . . Searches Triggered . | . . . . . Construction Impeded . | . . . . . Haulers Reinforced . | . . . . . Active Scanning Responses . | . . . . . Cargo Convoy Interrupts . | . . . . . Stealth | -11 -10 -10 -10 -8 --------- Run | Yrd Mat Min Sub Scr Distress Signals 1 | . 1 . . . Communications Jammed . | . . . . . Distress Signals . | . . . . . Times Spotted 18 | . 1 6 5 6 Peak Tracking Total 20 | . 3 20 2 3 Tactical Retreats 3 | . . 3 . . Traps | -11 -10 -10 -10 -8 ------- Run | Yrd Mat Min Sub Scr Traps Triggered . | . . . . . Indirectly . | . . . . . Trap Hack Attempts . | . . . . . Triggered . | . . . . . Disarmed . | . . . . . Reprogrammed . | . . . . . Reused . | . . . . . Traps Extracted . | . . . . . Installed . | . . . . . Triggered . | . . . . . Machines | -11 -10 -10 -10 -8 ---------- Run | Yrd Mat Min Sub Scr Machines Disabled . | . . . . . Max in Single Turn . | . . . . . Machines Repaired . | . . . . . Machines Dismantled . | . . . . . Machines Sabotaged . | . . . . . Overloaded Fab Kills . | . . . . . Hacking | -11 -10 -10 -10 -8 --------- Run | Yrd Mat Min Sub Scr Machines Accessed 7 | . 1 . . 6 Terminals 1 | . 1 . . . Fabricators . | . . . . . Repair Stations . | . . . . . Recycling Units . | . . . . . Scanalyzers . | . . . . . Garrison Access . | . . . . . Total Hacks 52 | . 2 . . 50 Successful 51 | . 1 . . 50 Failed 1 | . 1 . . . Catastrophic . | . . . . . Database Lockouts . | . . . . . Manual . | . . . . . Terminals 2 | . 2 . . . Fabricators . | . . . . . Repair Stations . | . . . . . Recycling Units . | . . . . . Scanalyzers . | . . . . . Garrison Access . | . . . . . Terminal Hacks 51 | . 1 . . 50 Record 44 | . . . . 44 Robot Analysis 7 | . 1 . . 6 Fabricator Hacks . | . . . . . Repair Station Hacks . | . . . . . Recycling Unit Hacks . | . . . . . Scanalyzer . | . . . . . Garrison Access Hacks . | . . . . . Unauthorized Hacks . | . . . . . Terminals . | . . . . . Fabricators . | . . . . . Repair Stations . | . . . . . Recycling Units . | . . . . . Scanalyzers . | . . . . . Garrison Access . | . . . . . Data Cores Recovered . | . . . . . Used . | . . . . . Hacking Detections 1 | . 1 . . . Full Trace Events . | . . . . . Feedback Events . | . . . . . Feedback Blocked . | . . . . . Robot Schematics Acquired . | . . . . . Robots Built . | . . . . . Authchips . | . . . . . Time . | . . . . . Total Robot Build Rating . | . . . . . Part Schematics Acquired . | . . . . . Parts Built . | . . . . . Authchips . | . . . . . Time . | . . . . . Total Part Build Rating . | . . . . . Part Studies Acquired . | . . . . . Parts Repaired . | . . . . . Time . | . . . . . Parts Recycled . | . . . . . Recycled Matter . | . . . . . Retrieved Matter . | . . . . . Retrieved Components . | . . . . . Parts Scanalyzed . | . . . . . Part Schematics Acquired . | . . . . . Parts Damaged . | . . . . . Bothacking | -11 -10 -10 -10 -8 ------------ Run | Yrd Mat Min Sub Scr Used RIF Installer . | . . . . . Robots Hacked . | . . . . . Non-combat . | . . . . . Combat . | . . . . . Robot Hacks Applied . | . . . . . Relay Couplers Released . | . . . . . Fabnet Peak Effective % . | . . . . . Robots Rewired . | . . . . . Allies Hacked . | . . . . . Hacks Repelled . | . . . . . Allies | -11 -10 -10 -10 -8 -------- Run | Yrd Mat Min Sub Scr Total Allies . | . . . . . Largest Group . | . . . . . Highest-Rated Group . | . . . . . Highest-Rated Ally . | . . . . . Total Orders . | . . . . . Ally Attacks . | . . . . . Total Damage . | . . . . . Kills . | . . . . . Allies Corrupted . | . . . . . Allies Melted 3 | . . . . 3 Intel | -11 -10 -10 -10 -8 ------- Run | Yrd Mat Min Sub Scr Active Infowar (turns) . | . . . . . Robot Analysis Total 7 | . 1 . . 6 Derelict Logs Recovered 1 | . . . 1 . Drone Launches . | . . . . . Drone Recoveries . | . . . . . Exploration | -11 -10 -10 -10 -8 ------------- Run | Yrd Mat Min Sub Scr Turns Passed 2947 | 14 56 522 641 1714 Spaces Moved 2182 | 28 45 358 419 1332 Core 44 | 28 11 . . 5 Treads . | . . . . . Legs 2138 | . 34 358 419 1327 Wheels . | . . . . . Hover . | . . . . . Flight . | . . . . . Fastest Speed 50 | 50 50 120 120 50 Average Speed 122 | 50 102 120 120 125 Slowest Speed 140 | 50 120 120 126 140 Overloaded Moves . | . . . . . Propulsion Burnouts . | . . . . . Robots Hopped . | . . . . . Potential Cave-ins . | . . . . . Cave-ins Triggered . | . . . . . Exploration Rate (%) 37 | 3 12 64 26 83 Regions Visited 4 Branch Regions 3 Pre-discovered Areas 1 | . . 1 . . Known Exits Taken 3 | 1 1 1 . . Unknown Exits Taken 1 | . . . 1 . Scrap Searched . | . . . . . Spaces Dug . | . . . . . Terrain Destroyed . | . . . . . Melee . | . . . . . Projectile . | . . . . . AOE . | . . . . . Terrain Rammed . | . . . . . Walls Destroyed . | . . . . . Machines Disabled . | . . . . . Actions | -11 -10 -10 -10 -8 --------- Run | Yrd Mat Min Sub Scr Total 2396 | 27 54 448 511 1356 Wait 149 | . . 79 63 7 Move 2178 | 27 44 357 418 1332 Hop . | . . . . . Pick Up 10 | . 5 1 4 . Fast Attach . | . . . . . Attach 10 | . 5 1 2 2 Detach 4 | . . . . 4 Swap 1 | . . . 1 . Drop 3 | . . . 1 2 Fire 31 | . . . 22 9 Melee . | . . . . . Ram . | . . . . . Kick 10 | . . 10 . . Crush . | . . . . . Escape Stasis . | . . . . . Rewire . | . . . . . Trap . | . . . . . Miscellaneous . | . . . . . Route ------- -11/Scrapyard -10/Materials -10/Mines -10/Subcaves -8/Scraptown (discovered 2 exits: *Fac x2) History --------- Turn | Location | Event 6 | -11/Scrapyard | Identified exit to Materials 6 | -11/Scrapyard | Discovered exit to Materials (range 16) 15 | -11/Scrapyard | Entered Materials 15 | -10/Materials | Evolved 1 slot: Propulsion x1 54 | -10/Materials | Identified exit to Mines 54 | -10/Materials | Discovered exit to Mines (range 15) 71 | -10/Materials | Entered Mines 147 | -10/Mines | Met a Derelict bent on vengeance 164 | -10/Mines | Found a hidden stash of uninstalled traps 267 | -10/Mines | Learned location of Storage (-8) 302 | -10/Mines | Build established: Hacker-Mutant 352 | -10/Mines | Assembled infested the area 357 | -10/Mines | Assisted by a Guerilla fighting off Assembled 582 | -10/Mines | Identified exit to Subcaves 582 | -10/Mines | Discovered exit to Subcaves (range 8) 593 | -10/Mines | Entered Subcaves 594 | -10/Subcaves | Approached by a straggling Scientist 648 | -10/Subcaves | A swath of the cavern ceiling suddenly collapsed 1157 | -10/Subcaves | Shifting Twisted Machinery released Mak. Shrapnel Gun 1162 | -10/Subcaves | Shifting Twisted Machinery released Sub. Laser 1234 | -10/Subcaves | Entered Scraptown 1428 | -8/Scraptown | Identified exit to Factory 1428 | -8/Scraptown | Discovered exit to Factory (range 13) 1755 | -8/Scraptown | Visited TADAMA 1852 | -8/Scraptown | Visited Spacefarers 2019 | -8/Scraptown | Visited Awakened 2095 | -8/Scraptown | Visited UFD Registry 2105 | -8/Scraptown | Visited Cyclists 2143 | -8/Scraptown | Registered with UFD as "Gearunit" 2173 | -8/Scraptown | Visited LU-1G1's Boring Crew 2221 | -8/Scraptown | Visited Curators Association 2265 | -8/Scraptown | Visited Analyses Database 2295 | -8/Scraptown | Visited Cartography Club 2440 | -8/Scraptown | Discovered exit to Factory (range 3) 2581 | -8/Scraptown | Met Optimus 2581 | -8/Scraptown | Accepted into 0bPrime 2663 | -8/Scraptown | Visited Infowarlord's Domain 2775 | -8/Scraptown | Civil war broke out across Scraptown 2782 | -8/Scraptown | Core integrity fell below 50% 2936 | -8/Scraptown | Core integrity fell below 20% 2948 | -8/Scraptown | Destroyed by QO-O9F(h) with Bolt Gun Last Messages --------------- 02845_ YE-IAE(j): "Give up, none of you can hope to defeat the full might of 0bPrime!" 02892_ H9-C0J(h) destroyed. 02893_ MJ-PJ6(E): "We are one!" 02912_ Acquired 8 matter. 02926_ Bolt penetrates Wall. 02927_ QO-O9F(h) knocked back. 02927_ Aluminum Leg destroyed. 02929_ Bolt penetrates Wall. 02929_ Penetrated by Bolt. 02934_ Aluminum Leg destroyed. 02934_ Critical hit (Burn: +50). 02936_ QO-O9F(h) knocked back. 02937_ MY-BK5(j) heat short circuits Mak. Salvage Targeting Computer. 02937_ Critical hit (Burn: +50). 02937_ Penetrated by Bolt. 02943_ Bolt penetrates Wall. 02945_ Dropped Mak. Leg. 02945_ Bolt penetrates Wall. 02948_ Penetrated by Bolt. Map ----- +----------------------------------------------------+ | ?????????????????????????????????????????????????? | | ?????????????????????????????????????????????????? | | ?????????????????????????????????????????????????? | | ?????????????????????????????????????????????????? | | ?????????????????????????????????????????????????? | | ?????????????????????????????????????????????????? | | ?????????????????????????????????????????????????? | | ?????????????????????????????????????????????????? | | ?????????????????????????????????????????????????? | | ?????????????????????????????????????????????????? | | ????????????????????????????????#####????????????? | | ???????????????????????#????????#"""#????????????? | | ?###################???"####????#" "#????????????? | | #"""##"""##""|##"""#??## [;#????# <%##???????????? | | #"" ##""!##""|##!!"#### =%*#####!%!="#???????????? | | #"" ! %[= =*= #???????????? | | # *%= =!%*!% #???????????? | | ####################### jj ###########???????????? | | ??????????????????????## h##?????????????????????? | | ???????????????????????# ;#?????????????????????? | | ???????????????????????# =###????????????????????? | | ???????????????????????# # ####?????????????????? | | ?????? ????????????????# # # #?????????????????? | | ???# # ? ?????????????# # # ##?????????????????? | | ???# # ???########### # ###???????????????? | | ???# ???#""""""""## @# ####X#???????????????? | | ???# ???#"" " X "##[%# ## ###???????????????? | | ???# ???#"" "##*%# #???????????????? | | ??? ???#""" ""##=!###### #######?????????? | | ???? ????# ## # #?????????? | | ?????"""?????# #; # #?????????? | | ?????# #?????##### ##### ;# ###########?????????? | | ###### ########### ##### ## ###?????????????????? | | """""" """"""""""" """" "" ""#?????????????????? | | ! "#?????????????????? | | %*="#??"??????????????? | | = !!%="#? "#?????????????? | | !=! %*/!"# "#?????????????? | | [*%[=!=% %! "#?????????????? | | """"""""""""""""""""""!%%! ="## """????????????? | | """""""""""""""""""""""=![ "#? ????????????? | | #### ################"" "#??? ??????????? | | ##????????#"" "#????##????????????? | | X"#????????#"" "#??????????????????? | | "" "" ##????????#"" "###########????????? | | "" "" X"#??????###"" "## !!!!! #????????? | | " " ######### #"" !## #????????? | | "" = [%! #????????? | | "" %! "## #????????? | | " " ######### #"" "## !!!!! #????????? | +----------------------------------------------------+ Best States ------------- Heat Dissipation 25 Energy Generation 15 Energy Capacity 200 Matter Stores 300 Matter Capacity 300 Sight Range 16 Terrain Scan Density 10 Resistance: KI 35 Resistance: TH 35 Resistance: EX 35 Resistance: EM 35 Resistance: I 35 Resistance: S 35 Resistance: P 35 Evasion (%) 55 Offensive Hacking 20 Item Schematics ----------------- None Robot Schematics ------------------ None Fabricated ------------ Nothing Repaired ---------- Nothing Studied --------- None Alien Tech Used ----------------- None Achievements -------------- Civilization 2243 Link The Feds Challenges ------------ None Game ------ Seed VisualArmoredBank Manual? 0 Play Time 00:20:29 Cumulative 61.5 hours Start 2025.11.12 @ 14:59:39 End 2025.11.13 @ 14:09:35 Sessions 2 Manual Loads 0 Difficulty Explorer Special Mode None Game No. 150 Rogue 146 Adventurer 0 Explorer 4 Win Type - Total 1 Types 1/0/0/0/0/0/0/0/0/0 Lore% 30 Gallery% 39 Achievement% 24 Wizard Run 0 Options --------- Layout 0 ASCII 0 Keyboard 0 Movement Mouse Keybinds 0 Fullscreen 2 Font 18/SmallcapsGlow Map View 76x50 Zoom Use 0% Tactical HUD 1 Map Filters NONE Filters NONE Steam 1 RUN: 31fba2f4-1f1d-4e12-a46d-f6eaacaf10c2